 Dungeon Crawl Stone Soup version 0.28.0-49-g6dfe1f597d (webtiles) character file.

Game seed: 8416445114104738897

2277 styxcanada the Covert (level 9, -2/44 HPs)
             Began as a Spriggan Brigand on May 16, 2022.
             Was an Initiate of Gozag.
             Shot with an arrow by a centaur (7 damage)
             ... on level 7 of the Dungeon on May 17, 2022.
             The game lasted 00:33:07 (7122 turns).

styxcanada the Covert (Spriggan Brigand)            Turns: 7122, Time: 00:33:08

Health: -2/44      AC:  4    Str:  7    XL:     9   Next: 16%
Magic:  16/16      EV: 22    Int: 12    God:    Gozag
Gold:   638        SH:  0    Dex: 21    Spells: 9/16 levels left

rFire   + . .      SeeInvis +   w - +1 short sword (holy)
rCold   . . .      Faith    .   (no shield)
rNeg    . . .      Spirit   .   b - +0 robe
rPois   +          Reflect  .   (helmet restricted)
rElec   .          Harm     .   c - +1 cloak
rCorr   .          Rampage  .   (gloves unavailable)
Will    +....                   (boots unavailable)
Stlth   +++++.....              t - amulet of regeneration
HPRegen 0.94/turn               y - ring of poison resistance
MPRegen 0.15/turn               v - ring of protection from fire

@: very quick
A: very small, no large weapons, unfitting armour, see invisible, speed 3
a: Renounce Religion, Potion Petition, Call Merchant, Bribe Branch


You were on level 7 of the Dungeon.
You worshipped Gozag.
Gozag was pleased with you.
You visited 2 branches of the dungeon, and saw 8 of its levels.

You collected 680 gold pieces.
You paid 42 gold pieces to Gozag.

Inventory:

Hand Weapons
 a - a +2 dagger
 d - a +2 flail of protection
 k - a +2 mace of holy wrath
 w - a +1 short sword of holy wrath (weapon)
Missiles
 e - a curare-tipped dart
 g - 3 boomerangs
 h - 14 poisoned darts (quivered)
 i - 228 stones
 n - 5 atropa-tipped darts
 x - 22 sling bullets
Armour
 b - a +0 robe (worn)
 c - a +1 cloak (worn)
Magical Staves
 j - a staff of death
Jewellery
 o - a ring of ice
 s - a ring of magical power
 t - an amulet of regeneration (around neck)
 v - a ring of protection from fire (right hand)
 y - a ring of poison resistance (left hand)
Scrolls
 m - a scroll of identify
 q - 2 scrolls of teleportation
Potions
 f - 4 potions of haste
 l - a potion of invisibility
 p - 4 potions of curing
 r - 2 potions of brilliance
 u - 2 potions of cancellation
 z - a potion of flight


   Skills:
 + Level 3.6 Fighting
 + Level 5.6 Short Blades
 + Level 3.9 Throwing
 * Level 6.8 Dodging
 * Level 9.5 Stealth
 * Level 4.4 Spellcasting
 * Level 2.7 Conjurations
 * Level 3.1 Air Magic
 - Level 1.7 Evocations


You had 9 spell levels left.
You knew the following spells:

 Your Spells              Type           Power      Damage    Failure   Level
a - Static Discharge      Conj/Air       9%         N/A       10%         2
b - Lightning Bolt        Conj/Air       4%         1d16      86%         5

Your spell library contained the following spells:

 Spells                   Type           Power      Damage    Failure   Level
 Corpse Rot               Necr/Air       12%        N/A       17%         2
 Apportation              Tloc           4%         N/A       22%         1
 Blink                    Tloc           4%         N/A       32%         2
 Frozen Ramparts          Ice            4%         1d2       54%         3
 Lesser Beckoning         Tloc           2%         N/A       54%         3
 Dispel Undead            Necr           2%         3d7       91%         4
 Ice Form                 Ice/Tmut       2%         N/A       91%         4
 Summon Ice Beast         Ice/Summ       2%         N/A       91%         4
 Alistair's Intoxication  Tmut/Pois      1%         N/A       99%         5
 Manifold Assault         Tloc           2%         N/A       99%         5
 Death Channel            Necr           1%         N/A       100%        6
 Maxwell's Capacitive Co  Air            5%         ∞         100%        8


Dungeon Overview and Level Annotations

Branches:
Dungeon (7/15)             Temple (1/1) D:4

Altars:
Dithmenos
Elyvilon
Fedhas
Gozag
Hepliaklqana
Kikubaaqudgha
Okawaru
Qazlal
Ru
Sif Muna
Trog
Uskayaw
Wu Jian
Xom
The Shining One
Beogh

Shops:
D:4 [

Portals:
Abyss: D:5


Innate Abilities, Weirdness & Mutations

You are very small and have problems with some larger weapons.
You are too small for most types of armour.
You have supernaturally acute eyesight. (SInv)
You cover ground extremely quickly. (Speed+++)


Message History

There is a stone staircase leading down here.
You see here a +0 plate armour.
You open the door.
There is an open door here.
Partly explored, can't reach some items.
Partly explored, can't reach some items.
Press: ? - help, v - describe, . - travel A translucent stone wall.
Unknown command.
(D) Dungeon (T) Temple
Where to? (Enter - D:6, ? - help)
What level of the Dungeon? (default 1, ? - help)
There is a stone staircase leading down here.
You climb downwards.
You hear the roar of battle.
There is an entrance to a bailey on this level.
Hurry and find it before the portal closes forever!
Found two daggers and 8 gold pieces.
Found a stone staircase leading down.
There is a stone staircase leading up here.
You now have 638 gold pieces (gained 8).
Okay, then.
A centaur comes into view.
The centaur shouts!
You hear a shout!
The centaur wields a +0 shortbow.
The centaur shoots an arrow.
The arrow hits you.
A centaur comes into view.
An orc wizard comes into view. It is wielding a +0 dagger.
The centaur shoots an arrow.
The arrow hits you.
The centaur wields a +0 shortbow.
The centaur shoots an arrow.
The arrow closely misses you.
The centaur unwields a +0 shortbow.
The centaur hits you. The centaur closely misses you.
The centaur shoots an arrow.
The arrow hits you!
The centaur wields a +0 shortbow.
The centaur shoots an arrow.
The arrow hits you!
The centaur shoots an arrow.
The arrow misses you.
The centaur shoots an arrow.
The arrow hits you!
* * * LOW HITPOINT WARNING * * *
The centaur shoots an arrow.
The arrow misses you.
The centaur shoots an arrow.
The arrow hits you!
You die...
Your body crumbles into a pile of gold.

# # #. .##
.#######...
...#....#
#..#...#
#..#c..#
#########......#
#.....@.....c..#
#.#########.#..#
.## #.#..#
..#####....####
#.#...........o
#
#.#.###....####
#.#.........##
#.#.......#...#
#.............#


You could see 2 centaurs.

Vanquished Creatures
  Grinder (D:5)
  The ghost of hawla the Firebug, an amateur FeFE (D:5)
  Edmund (D:4)
  An ice beast (D:5)
  2 necrophages
  4 centaurs
  2 ogres
  A kobold brigand (D:6)
  Blork the orc (D:5)
  A scorpion (D:5)
  A small abomination (D:5)
  A water moccasin skeleton (D:4)
  5 wights (D:5)
  2 howler monkeys (D:6)
  A bullfrog zombie (D:6)
  4 hounds (D:5)
  3 bullfrog skeletons
  A centaur skeleton (D:5)
  2 iguanas
  2 orc wizards (D:4)
  A hound skeleton (D:4)
  A howler monkey skeleton (D:4)
  2 adders
  2 white imps
  2 ufetubi
  2 adder skeletons (D:4)
  3 dart slugs
  11 orcs
  6 endoplasms
  5 giant cockroaches
  5 hobgoblins
  7 jackals
  9 kobolds
  4 quokkas
  5 ball pythons
  5 bats
  3 frilled lizards
  6 goblins
  6 rats
122 creatures vanquished.

Notes
Turn   | Place    | Note
-------+----------+-------------------------------------------
     0 | D:1      | styxcanada the Spriggan Brigand began the quest for the
                  | Orb.
     0 | D:1      | Reached XP level 1. HP: 10/10 MP: 2/2
    32 | D:1      | Reached skill level 6 in Stealth
   197 | D:1      | Reached XP level 2. HP: 13/15 MP: 3/3
   700 | D:1      | Found a faded altar of an unknown god.
  1249 | D:1      | Reached XP level 3. HP: 14/17 MP: 4/4
  1612 | D:2      | Reached skill level 7 in Stealth
  2454 | D:3      | Learned a level 2 spell: Static Discharge
  2772 | D:3      | Reached XP level 4. HP: 12/23 MP: 5/5
  3693 | D:4      | Reached skill level 1 in Spellcasting
  3740 | D:4      | Reached skill level 1 in Evocations
  3740 | D:4      | Reached XP level 5. HP: 26/26 MP: 7/7
  3903 | D:4      | Found a staircase to the Ecumenical Temple.
  3913 | Temple   | Entered the Ecumenical Temple
  4022 | Temple   | Became a worshipper of Gozag Ym Sagoz the Greedy
  4251 | D:4      | Noticed Edmund
  4282 | D:4      | Found Gyuhusie's Armour Shop.
  4296 | D:4      | Killed Edmund
  4297 | D:4      | Reached skill level 1 in Air Magic
  4505 | D:4      | Reached XP level 6. HP: 30/30 MP: 9/9
  5053 | D:5      | Entered Level 5 of the Dungeon
  5074 | D:5      | Reached skill level 1 in Conjurations
  5086 | D:5      | Reached skill level 8 in Stealth
  5114 | D:5      | Found a transporter.
  5133 | D:5      | Found a sacrificial altar of Ru.
  5138 | D:5      | Reached XP level 7. HP: 35/35 MP: 11/11
  5500 | D:5      | Noticed hawla's ghost (amateur FeFE)
  5542 | D:5      | Noticed Blork the orc
  5595 | D:5      | Reached skill level 5 in Dodging
  5629 | D:5      | Reached XP level 8. HP: 16/39 MP: 13/13
  5712 | D:5      | Noticed Grinder
  5739 | D:5      | Killed Grinder
  5781 | D:5      | Found a transporter.
  5792 | D:5      | Found a one-way gate to the infinite horrors of the Abyss.
  5882 | D:5      | Reached skill level 5 in Short Blades
  5999 | D:5      | Learned a level 5 spell: Lightning Bolt
  6138 | D:5      | Killed Blork the orc
  6139 | D:5      | Reached skill level 9 in Stealth
  6255 | D:5      | Killed hawla's ghost
  6400 | D:6      | Reached XP level 9. HP: 44/44 MP: 16/16
  7122 | D:7      | Shot with an arrow by a centaur

Illustrated notes

Levels and vault maps discovered:
D:1:      dpeg_arrival_oval, layout_basic,
          hellmonk_ecumenical_altar_defaced_shrine, minmay_misc_feat_doors,
          minmay_tetromino_o2
D:2:      layout_rooms, serial_aquarium, aquarium_bridge_square
          [aquarium_subvault_balcony, aquarium_subvault_bridge,
          aquarium_subvault_window, aquarium_subvault_bridge],
          aquarium_bridge_square [aquarium_subvault_bridge,
          aquarium_subvault_window, aquarium_subvault_wall,
          aquarium_subvault_bridge], aquarium_window_2,
          aquarium_window_corridor_3, aquarium_view_2c, aquarium_view_2c,
          grunt_ministairs_5
D:3:      layout_basic
D:4:      layout_basic, minmay_temple_entry_drinking_statues,
          nicolae_inconvenience_store, grunt_decor_mini_mirrors, uniq_edmund
D:5:      layout_basic, nicolae_ru_sacrificial_ziggurat,
          gammafunk_ghost_abyssal_escape, minmay_bent, uniq_grinder,
          uniq_blork_the_orc
D:6:      lemuel_ice_spiral_2, layout_basic, interstate_on_off
D:7:      layout_loops_ring, enter_bailey_3
Temple:   mainiacjoe_temple_archimedes_tessellation

Skill      XL: |  1  2  3  4  5  6  7  8 |
---------------+-------------------------+-----
Stealth        | 6 7 8 9 |  9.5
Dodging        | 2 3 4 5 6 |  6.8
Fighting       | 2 3 |  3.6
Spellcasting   | 1 2 3 4 |  4.4
Evocations     | 1 |  1.7
Short Blades   | 3 4 5 |  5.6
Air Magic      | 1 2 3 |  3.1
Conjurations   | 1 2 |  2.7
Throwing       | 3 |  3.9

Action                   |  1- 3 |  4- 6 |  7- 9 || total
-------------------------+-------+-------+-------++-------
Melee: Dagger            |   154 |    71 |       ||   225
       Punch             |     2 |       |     5 ||     7
       Short sword       |       |    43 |   335 ||   378
Throw: Dart              |     8 |    34 |    31 ||    73
       Stone             |       |     3 |       ||     3
 Cast: Static Discharge  |       |       |     2 ||     2
  Use: Scroll            |       |    13 |     2 ||    15
       Potion            |       |       |     3 ||     3
 Stab: Sleeping          |    15 |     4 |     8 ||    27
       Distracted        |       |       |     2 ||     2
Armor: Robe              |    17 |     8 |    32 ||    57
Dodge: Dodged            |   101 |    89 |   284 ||   474
